 Dungeon Crawl Stone Soup version 0.29-a0-322-g68df515428 (webtiles) character file.

Game seed: 11776225397376772511

44 Bnni the Insei (level 3, -2/24 HPs)
             Began as an Octopode Transmuter on Apr 6, 2022.
             Slain by an orc
             ... wielding a +0 falchion
              (8 damage)
             ... on level 3 of the Dungeon.
             The game lasted 00:04:24 (1642 turns).

Bnni the Insei (Octopode Transmuter)                Turns: 1642, Time: 00:04:24

Health: -2/24      AC:  1    Str: 11    XL:     3   Next: 60%
Magic:  0/6        EV: 12    Int: 15    God:
Gold:   20         SH:  3    Dex: 12    Spells: 0/6 levels left

rFire   . . .      SeeInvis .     - Unarmed
rCold   . . .      Faith    .   j - +0 buckler
rNeg    . . .      Spirit   .   (helmet restricted)
rPois   +          Reflect  .   (no amulet)
rElec   .          Harm     .   d - ring of poison resistance
rCorr   .          Rampage  .   (no ring)
Will    .....                   (no ring)
Stlth   ++........              (no ring)
HPRegen 0.08/turn               (no ring)
MPRegen 0.10/turn               (no ring)
                                (no ring)
                                (no ring)

@: very slightly contaminated
A: almost no armour, amphibious, 8 rings, camouflage 1, gelatinous body 1,
(nimble swimmer 1), tentacles
a: no special abilities


You were on level 3 of the Dungeon.
You visited 1 branch of the dungeon, and saw 3 of its levels.

You collected 44 gold pieces.
You spent 24 gold pieces at shops.

Inventory:

Armour
 j - a +0 buckler (worn)
Jewellery
 d - a ring of poison resistance (left tentacle)
Scrolls
 g - a scroll of teleportation
 h - a scroll of fear {unknown}
Potions
 a - 2 potions of lignification
 b - 2 potions of resistance


   Skills:
 + Level 1.8 Fighting
 - Level 2.0 Dodging
 * Level 3.8 Unarmed Combat
 - Level 2.0 Spellcasting
 + Level 2.5 Transmutations


You couldn't memorise any spells.
You knew the following spells:

 Your Spells              Type           Power      Damage    Failure   Level
a - Beastly Appendage     Tmut           18%        N/A       11%         1
b - Wereblood             Tmut           9%         N/A       16%         2
c - Spider Form           Tmut/Pois      5%         N/A       47%         3

Your spell library contained the following spells:

 Spells                   Type           Power      Damage    Failure   Level
 Foxfire                  Conj/Fire      4%         2x1d4     30%         1
 Corpse Rot               Necr/Air       2%         N/A       41%         2
 Poisonous Vapours        Pois/Air       2%         N/A       41%         2
 Conjure Flame            Conj/Fire      1%         6-21      65%         3
 Inner Flame              Hex/Fire       1%         N/A       65%         3
 Ice Form                 Ice/Tmut       5%         N/A       87%         4
 Flame Wave               Conj/Fire      1%         2d4       96%         4


Dungeon Overview and Level Annotations

Branches:
Dungeon (3/15)

Altars:

Shops:
D:2 ?=*(


Innate Abilities, Weirdness & Mutations

You cannot wear most types of armour.
You are amphibious.
You can wear up to eight rings at the same time.
Your skin changes colour to match your surroundings (Stealth+).
Your rubbery body absorbs attacks. (AC +1, EV +1)
((You are camouflaged when in or above water. (Stealth+)))
You have tentacles for arms and can constrict up to eight enemies at once.


Message History

You constrict the orc, but do no damage.
You block the orc's attack.
Unknown command.
You barely miss the orc. You squeeze the orc.
The orc is heavily wounded.
You constrict the orc, but do no damage.
The orc closely misses you. You block the hobgoblin's attack.
An orc comes into view. It is wielding a +0 flail.
You tentacle-slap the orc but do no damage.
The orc is heavily wounded.
You constrict the orc, but do no damage.
Unknown command.
You release your grip on the orc.
The hobgoblin attacks as you move away! The hobgoblin hits you.
You hear the slow rusting of a drain nearby.
The hobgoblin attacks as you move away! The hobgoblin barely misses you.
Things that are here:
a +0 dagger; a goblin corpse The hobgoblin attacks as you move away!
The hobgoblin hits you. The orc attacks as you move away!
The orc hits you with a +0 falchion.
* * * LOW HITPOINT WARNING * * *
The orc wizard mumbles some strange words.
The orc wizard flickers and vanishes!
Deactivating autopickup; reactivate with Ctrl-A.
The hobgoblin attacks as you move away! The hobgoblin hits you.
* * * LOW HITPOINT WARNING * * *
You feel much better. The hobgoblin hits you. You block the orc's attack.
The hobgoblin attacks as you move away! The hobgoblin barely misses you.
The orc barely misses you. The orc attacks as you move away!
The orc hits you with a +0 falchion.
You barely miss the orc. Your grab misses the orc.
The orc is heavily wounded.
The orc hits you with a +0 falchion!
* * * LOW HITPOINT WARNING * * *
Okay, then.
Casting: Spider Form (potentially lethal; 47% risk of failure)
Confirm with . or Enter, or press ? or * to list all spells.
You miscast Wereblood.
Nothing appears to happen.
The orc hits you with a +0 falchion!
You die...

#......# >........
#......# #....#
#......# #)...#
#......# #....#
#......# #w...#
#......# #)o..#
#......# #....#
#......###.o..##
####'##.@og....#
#.##.##+###.#
#.##......#.#
#######.##......#.#
........##........#
#.............+
#.#########...#
########..##
..........#


You could see 2 orcs and a hobgoblin.

Vanquished Creatures
  A dart slug (D:2)
  An orc (D:3)
  4 endoplasms
  4 giant cockroaches
  2 goblins
  5 hobgoblins
  3 jackals (D:1)
  2 quokkas (D:1)
  2 ball pythons
  5 bats (D:1)
  3 frilled lizards (D:1)
  2 kobolds (D:1)
  3 rats
37 creatures vanquished.

Notes
Turn   | Place    | Note
-------+----------+-------------------------------------------
     0 | D:1      | Bnni the Octopode Transmuter began the quest for the Orb.
     0 | D:1      | Reached XP level 1. HP: 13/13 MP: 3/3
    83 | D:1      | Found a faded altar of an unknown god.
   300 | D:1      | Reached XP level 2. HP: 17/18 MP: 5/5
   310 | D:1      | Learned a level 2 spell: Wereblood
   840 | D:1      | Reached XP level 3. HP: 23/23 MP: 2/6
  1073 | D:2      | Learned a level 3 spell: Spider Form
  1176 | D:2      | Found Xaexiafupp's General Store.
  1182 | D:2      | Found Fanoi's Antique Weapon Shoppe.
  1290 | D:2      | Identified the +2 dagger of the Past {flame, *Rage Will+
                  | Int+8}
  1318 | D:2      | Found Qaetoips's Jewellery Boutique.
  1515 | D:2      | Found Neiqiaju's Magic Scroll Shop.
  1533 | D:2      | Bought a scroll of identify for 24 gold pieces
  1637 | D:3      | HP: 1/24 [hobgoblin (4)]
  1642 | D:3      | Slain by an orc

Illustrated notes

Levels and vault maps discovered:
D:1:      minmay_arrival_hallway, layout_basic,
          hellmonk_ecumenical_altar_crossroads
D:2:      layout_basic, serial_shops, shop, shop, nicolae_shop_hallway_plus,
          nicolae_shop_stone, bh_walls_and_bars
D:3:      layout_basic, nicolae_dithmenos_shadow_blocks,
          grunt_temple_overflow_open, gup_sewer_entry_bowl, eino_curves_04,
          minmay_pentomino_pile, uniq_natasha

Action                   || total
-------------------------++-------
Melee: Unarmed           ||    82
       Tentacles         ||    20
       Constrict         ||    21
       Kick              ||     3
       Punch             ||     1
 Cast: Beastly Appendage ||     2
       Wereblood         ||     2
  Use: Scroll            ||     5
       Potion            ||     1
 Stab: Sleeping          ||     4
Armor: Skin              ||    16
Dodge: Dodged            ||    74
Block: Buckler           ||     4

Table legend: (Time is in decaauts)
 A = Elapsed time spent in this place.
 B = Non-inter-level travel time spent in this place.
 C = Inter-level travel time spent in this place.
 D = Time resting spent in this place.
 E = Time spent auto-exploring this place.
 F = Levels seen in this place.
 G = Mean time per level.
                   A        B        C        D        E       F      G
               +--------+--------+--------+--------+--------+-----+--------+
         Total |   1636 |   1584 |     52 |    138 |   1148 |   3 |  545.3 |
       Dungeon |   1636 |   1584 |     52 |    138 |   1148 |   3 |  545.3 |
               +--------+--------+--------+--------+--------+-----+--------+

Top non-repeatable levels by time:
     D:1: 1039 daAuts
     D:2: 538 daAuts
     D:3: 58 daAuts
